 Dungeon Crawl Stone Soup version 0.24.1-11-gbbbb2193e6 (webtiles) character file.

Game seed: 15290956568089131050, levelgen mode: deterministic

28 H0rd4k the Magician (level 3, -7/19 HPs)
             Began as a Deep Elf Wizard on May 12, 2020.
             Killed from afar by an orc wizard (8 damage)
             ... with a puff of frost
             ... on level 2 of the Dungeon.
             The game lasted 00:01:43 (1328 turns).

H0rd4k the Magician (Deep Elf Wizard)               Turns: 1328, Time: 00:01:44

Health: -7/19      AC:  2    Str:  4    XL:     3   Next: 0%
Magic:  9/12       EV: 13    Int: 23    God:
Gold:   122        SH:  0    Dex: 13    Spells: 12/13 levels left

rFire    . . .     SeeInvis .   (no weapon)
rCold    . . .     Gourm    .   (no shield)
rNeg     . . .     Faith    .   a - +0 robe
rPois    .         Spirit   .   b - +0 hat
rElec    .         Reflect  .   (no cloak)
rCorr    .         Harm     .   (no gloves)
MR       .....                  (no boots)
Stlth    ++........             (no amulet)
HPRegen  0.06/turn              (no ring)
MPRegen  0.13/turn              (no ring)

@: no status effects
A: no striking features
a: no special abilities


You were on level 2 of the Dungeon.
You were not hungry.

You visited 1 branch of the dungeon, and saw 3 of its levels.

You collected 122 gold pieces.

Inventory:

Armour
 a - a +0 robe (worn)
 b - a +0 hat (worn)
Jewellery
 e - an uncursed ring of positive energy {unknown}
 i - a cursed -2 ring of protection {unknown}
 n - a cursed ring of teleportation {unknown}
Scrolls
 f - 2 scrolls of remove curse {unknown}
 g - a scroll of amnesia {unknown}
 j - a scroll of blinking {unknown}
 k - a scroll of fog {unknown}
 m - a scroll of identify {unknown}
Potions
 c - 2 potions of mutation {unknown}
 h - a potion of haste {unknown}
 l - a potion of curing {unknown}
 o - a potion of invisibility {unknown}
Comestibles
 d - 5 rations


   Skills:
 + Level 2.6 Dodging
 + Level 2.5 Stealth
 + Level 5.6 Spellcasting
 + Level 1.3 Conjurations
   Level 1.1 Summonings
   Level 1.1 Translocations


You had 12 spell levels left.
You knew the following spells:

 Your Spells              Type           Power        Failure   Level  Hunger
a - Magic Dart            Conj           ##..         4%          1    None

Your spell library contained the following spells:

 Spells                   Type           Power        Failure   Level  Hunger
 Blink                    Tloc           N/A          9%          2    None
 Call Imp                 Summ           ##......     9%          2    None
 Slow                     Hex            #.......     13%         2    None
 Conjure Flame            Conj/Fire      #.......     21%         3    #......
 Mephitic Cloud           Conj/Pois/Air  #.......     22%         3    #......


Dungeon Overview and Level Annotations

Branches:
Dungeon (3/15)

Altars:

Annotations:
D:2 Sigmund
D:3 exclusion: upstairs


Message History

The magic dart hits the rat.
You kill the rat!
You have reached level 3!
Your experience leads to an increase in your attributes!
Increase (S)trength, (I)ntelligence, or (D)exterity?
You feel clever. Something hits you.
Deactivating autopickup; reactivate with Ctrl-A.
You hear some strange, mumbled words.
A magic dart appears from out of thin air!
The magic dart hits you!
* * * LOW HITPOINT WARNING * * *
Casting: Magic Dart (safe; 4% risk of failure)
Confirm with . or Enter, or press ? or * to list all spells.
You don't know that spell.
You closely miss something.
You hear some strange, mumbled words.
A puff of frost appears from out of thin air!
The puff of frost hits you!
You die...

###
#..
#.#
#.#
#.# #
####.#
#
#..†@#
.
#.####
# # #
#


There were no monsters in sight!

Vanquished Creatures
  An adder (D:3)
  2 bats (D:1)
  2 giant cockroaches (D:1)
  6 goblins
  A hobgoblin (D:2)
  A quokka (D:3)
  A frilled lizard (D:2)
  A kobold (D:1)
  2 rats (D:2)
17 creatures vanquished.

Notes
Turn   | Place    | Note
-------+----------+-------------------------------------------
     0 | D:1      | H0rd4k the Deep Elf Wizard began the quest for the Orb.
     0 | D:1      | Reached XP level 1. HP: 10/10 MP: 7/7
   287 | D:1      | Reached skill level 5 in Spellcasting
   516 | D:1      | Reached XP level 2. HP: 15/15 MP: 1/10
  1096 | D:2      | Noticed Sigmund
  1327 | D:2      | Reached XP level 3. HP: 11/19 MP: 9/12
  1328 | D:2      | Killed from afar by an orc wizard

Levels and vault maps discovered:
D:1:      co_arrival_random_square_maze, layout_loops_cross,
          chequers_serial_rivers_room_a
D:2:      layout_basic, nicolae_ru_sacrificial_ziggurat,
          kennysheep_okawaru_gauntlet, first_ration, uniq_sigmund, uniq_terence
D:3:      layout_loops_ring, marbit_many_paths, overflow_temple_1_default,
          overflow_temple_1_default, minmay_lizard_king

Skill      XL: |  1 |
---------------+----+-----
Spellcasting   | 5 |  5.6
Dodging        | |  2.6
Stealth        | |  2.5
Conjurations   | |  1.3
Summonings     | |  1.1
Translocations | |  1.1

Action                   || total
-------------------------++-------
Melee: Unarmed           ||     2
 Cast: Magic Dart        ||    53
  Eat: Chunk             ||     1
Armor: Robe              ||     9
Dodge: Dodged            ||    28
